[Event "Lviv Tradition May 2018"]
[Site "Lviv"]
[Date "2018.05.16"]
[Round "1"]
[White "Badelka, Olga"]
[Black "Shkuran, Danylo"]
[Result "1-0"]
[ECO "D43"]
[WhiteElo "2397"]
[BlackElo "2395"]
[Annotator "NA"]
[PlyCount "83"]
[EventDate "2018.??.??"]
[EventType "tourn"]
[EventCountry "UKR"]
[SourceTitle "playchess.com"]
[Source "ChessBase"]
[SourceQuality "1"]
[TimeControl "5400+30"]

1. d4 d5 2. c4 c6 3. Nf3 Nf6 4. Nc3 e6 5. Bg5 h6 6. Bh4 {[%emt 0:00:07] LiveBook: 2077 Games} (6. Bxf6 $5 Qxf6 7. e3 $14) 6... Be7 7. e3 O-O 8. Qc2 {[%emt 0:00:52] D53: Queen's Gambit Declined: 4 Bg5 Be7: Early deviations} b6 (8... Nbd7 9. Rd1 a6 10. b3 b5 11. Bd3 bxc4 12. bxc4 dxc4 13. Bxc4 Qa5 14. O-O c5 15. d5 Nb6 16. Bxf6 Bxf6 17. Ne4 Be7 18. dxe6 Bxe6 19. Bxe6 fxe6 {1-0 (41) Jakovenko,D (2745)-Goganov,A (2609) Khanty-Mansiysk 2014}) 9. cxd5 cxd5 10. Rc1 $146 ({Predecessor:} 10. Ne5 Bb7 11. Bd3 Nbd7 12. Nxd7 Qxd7 13. O-O Rac8 14. Rac1 Ne4 15. Bxe7 Qxe7 16. Bxe4 dxe4 {½-½ (40) Nieves Cabanes,J (2309)-Tattersall Rodriguez,L (2275) Linares 2017}) 10... Bb7 11. Be2 Nbd7 12. O-O a6 13. Qb1 b5 14. Rc2 Nb6 15. b3 Rc8 16. Ne5 Nfd7 17. Bxe7 Qxe7 18. Nxd7 Qxd7 19. Rfc1 Qd6 20. a4 b4 21. Nd1 Rxc2 22. Rxc2 e5 23. dxe5 Qxe5 24. Qb2 Qd6 25. Qd4 Rc8 $16 26. Rxc8+ Nxc8 27. Nb2 a5 28. Bb5 Qc7 29. Nd3 Nd6 30. Qc5 Qd8 31. f3 Qf6 32. Qc7 Qe6 33. Kf2 d4 34. exd4 Nxb5 35. axb5 Qxb3 36. Ne5 Qd5 37. Nd7 Qxb5 38. Qd8+ Kh7 39. Nf8+ Kg8 40. Ng6+ Kh7 41. Ne7 h5 42. h4 1-0

[Event "Lviv Tradition May 2018"]
[Site "Lviv"]
[Date "2018.05.16"]
[Round "1"]
[White "Bogdanov, Egor"]
[Black "Oglaza, Oskar"]
[Result "0-1"]
[ECO "B90"]
[WhiteElo "2335"]
[BlackElo "2279"]
[Annotator "NA"]
[PlyCount "146"]
[EventDate "2018.??.??"]
[EventType "tourn"]
[EventCountry "UKR"]
[SourceTitle "playchess.com"]
[Source "ChessBase"]
[SourceQuality "1"]
[TimeControl "5400+30"]

1. e4 c5 2. Nf3 d6 3. d4 cxd4 4. Nxd4 Nf6 5. Nc3 a6 6. Be3 e5 7. Nb3 Be7 {[%emt 0:00:12] LiveBook: 1628 Games} 8. Qd2 {[%emt 0:00:27] B90: Sicilian Najdorf: Unusual White 6th moves, 6 Be3 Ng4 and 6 Be3 e5} O-O 9. O-O-O a5 10. a4 Be6 11. f4 Qc8 12. Kb1 Nc6 13. f5 Nxe4 14. Nxe4 Bxf5 15. Bd3 Nb4 16. Rhf1 $146 Bg6 17. Nc3 Nxd3 18. cxd3 Qe6 19. Na1 d5 20. Nc2 d4 21. Nxd4 exd4 22. Bxd4 Bb4 23. Rf3 Rfd8 24. Rf4 Bxc3 25. bxc3 Qb3+ 26. Kc1 Qxa4 27. Qb2 Rac8 28. Qc2 Qb5 29. h4 f6 30. g4 Bf7 31. Rdf1 Bb3 32. Qd2 Qa4 33. Qb2 Rxd4 34. Rxd4 Qxd4 35. Qxb3+ Kh8 36. Kd2 Qxg4 37. Qxb7 Re8 38. Qf3 Qxh4 39. c4 Qd4 40. Kc2 h6 41. Rb1 a4 42. Rb7 a3 43. Qg3 f5 44. Rb8 Rxb8 45. Qxb8+ Kh7 46. Qb3 Qa1 $19 (46... Qf2+ $142 47. Kb1 h5 48. Qxa3 h4) 47. Qb5 Qf1 48. Qb3 a2 49. Qxa2 Qe2+ 50. Kb3 Qxa2+ 51. Kxa2 f4 52. c5 f3 53. c6 f2 54. c7 f1=Q 55. c8=Q Qxd3 56. Qc5 Qg6 57. Qe7 h5 58. Qd8 Qf6 59. Qd3+ Kh6 60. Qe3+ g5 61. Kb1 h4 62. Qh3 Kh5 63. Qc8 g4 64. Kc1 h3 65. Qc7 Kh4 66. Kd2 Qf2+ 67. Kd1 h2 68. Qh7+ Kg3 69. Qc7+ Qf4 70. Qh7 h1=Q+ 71. Qxh1 Qf3+ 72. Qxf3+ gxf3 73. Ke1 Kg2 0-1

[Event "Lviv Tradition May 2018"]
[Site "Lviv"]
[Date "2018.05.16"]
[Round "1"]
[White "Peng, Li Min"]
[Black "Terletsky, Oleg"]
[Result "1-0"]
[ECO "A05"]
[WhiteElo "2320"]
[BlackElo "2288"]
[Annotator "NA"]
[PlyCount "73"]
[EventDate "2018.??.??"]
[EventType "tourn"]
[EventCountry "UKR"]
[SourceTitle "playchess.com"]
[Source "ChessBase"]
[SourceQuality "1"]
[TimeControl "5400+30"]

1. Nf3 Nf6 2. g3 g6 3. Bg2 Bg7 4. O-O O-O 5. c4 d6 6. d4 Nbd7 7. b3 e5 8. dxe5 {[%emt 0:00:07] E60: King's Indian: Unusual lines and Fianchetto Variation without Nc3} dxe5 9. Bb2 Re8 (9... e4 10. Ne1 Re8 11. Nc2 c6 12. Qd2 Qe7 13. Nc3 Qc5 14. h4 h6 15. Rad1 Qh5 16. Ne3 Nf8 17. Qc2 Bf5 18. Rd6 N8h7 19. Na4 Bg4 20. Nc3 Bf5 21. Na4 Bg4 22. Nc3 {½-½ (22) Bu,X (2681)-Sasikiran,K (2682) Tsaghkadzor 2015}) 10. Nxe5 Ng4 11. Nd3 Bxb2 12. Nxb2 Qf6 13. Qd2 Nc5 14. Nc3 c6 15. h3 Ne5 16. f4 Ned7 17. e4 $146 ({Predecessor:} 17. Rad1) 17... Qe7 18. Rad1 a5 19. Qf2 f6 20. Rfe1 Nf8 21. Nba4 Nxa4 22. Nxa4 Be6 23. Qc5 Nd7 24. Qxe7 Rxe7 25. c5 Rae8 26. Rd6 f5 27. e5 Bf7 28. Red1 Nf8 29. Bf1 Bd5 30. Nb6 Bf3 31. R1d4 Kg7 32. Bc4 g5 33. Kf2 Be4 34. Rd8 Rxd8 $18 35. Rxd8 Ng6 36. Nc8 Rc7 37. Nd6 1-0

[Event "Lviv Tradition May 2018"]
[Site "Lviv"]
[Date "2018.05.16"]
[Round "1"]
[White "Fiedorek, Michal"]
[Black "Goluch, Piotr"]
[Result "1/2-1/2"]
[ECO "B12"]
[WhiteElo "2081"]
[BlackElo "2351"]
[Annotator "NA"]
[PlyCount "150"]
[EventDate "2018.??.??"]
[EventType "tourn"]
[EventCountry "UKR"]
[SourceTitle "playchess.com"]
[Source "ChessBase"]
[SourceQuality "1"]
[TimeControl "5400+30"]

1. e4 c6 2. d4 d5 3. e5 Bf5 4. h4 h5 5. Bd3 Bxd3 6. Qxd3 e6 7. Bg5 {[%emt 0:00:08] B12: Caro-Kann: Advance Variation} Be7 {[%emt 0:00:22] LiveBook: 66 Games} 8. Nf3 Nh6 9. Nc3 Nf5 10. Ne2 Nd7 11. c3 $146 ({Predecessor:} 11. Nf4 c5 12. Bxe7 Nxe7 13. O-O cxd4 14. Nxd4 Qb6 {1-0 (30) Morozevich,A (2683)-Gunina,V (2497) Cheboksary 2016}) 11... Qb6 12. Qd2 f6 13. exf6 gxf6 14. Bf4 Nd6 15. Qc2 O-O-O 16. O-O-O Nc4 17. Nd2 Nd6 18. Nf3 Rdg8 19. Rhe1 Rg4 20. Bg3 Bf8 21. Nh2 Bh6+ 22. Kb1 Nc4 23. Ka1 Rgg8 24. b3 Na3 25. Qb2 Nb5 26. Nf3 (26. c4 $5 Nc7 27. Nf3 $14) 26... Re8 27. Nc1 Qa5 28. c4 Nc3 29. Rd3 Ne4 30. b4 Qb6 31. c5 Qd8 32. Bh2 Rhg8 33. b5 e5 34. Ra3 Qc7 35. Rxa7 cxb5 36. Qxb5 Qc6 37. Ra8+ Nb8 38. Qxc6+ bxc6 39. Nd3 Nd2 40. dxe5 Kb7 41. Ra4 Rxg2 42. Nxd2 Bxd2 43. Rb1+ Kc8 44. Bg3 Bc3+ 45. Nb2 fxe5 46. a3 {[%emt 0:00:29] [#]} Re7 (46... Rg8 $1 $19 {and Black stays clearly on top.} 47. Ka2 R8xg3 48. fxg3 Nd7 49. Ra8+ Kb7) 47. Ka2 {[%emt 0:00:31] [#]} Rb7 $2 ({Black should play} 47... Bd4 $1 $19 48. Nd3 {[#]} Bxf2 $1 49. Bxf2 e4) 48. Nd3 Rxb1 49. Kxb1 Nd7 50. Kc2 Bd4 51. Ra8+ Kb7 52. Rh8 Nxc5 (52... Bxf2 $5 53. Bxf2 e4 $17) 53. Rxh5 Nxd3 (53... Bxf2 $5 54. Bxf2 Nxd3 55. Kxd3 Rxf2 56. Rxe5 Ra2 $15) 54. Kxd3 Kb6 55. Ke2 Rg1 $1 56. Bxe5 Bxe5 57. Rxe5 Rh1 58. Rh5 Kb5 59. Rh8 {[%emt 0:00:08] [#]} (59. a4+ $11 {remains equal.} Kb4 60. f4) 59... Kc4 $1 60. h5 {[%emt 0:00:57] [#]} c5 $2 (60... d4 $1 $19 61. h6 Kc3) 61. h6 Kc3 62. h7 c4 63. Rd8 $1 Rxh7 64. Rxd5 Kc2 65. f4 c3 66. f5 Rh4 67. Rb5 Kc1 68. Ke3 c2 69. f6 $2 {[%emt 0:00:18] [#]} (69. a4 $11) 69... Rh6 $2 (69... Rc4 $1 $19 70. Kd3 Rf4) 70. Rb6 Rh3+ 71. Ke4 Kd2 72. Rd6+ Ke2 73. Rc6 Rh4+ 74. Kf5 Kd3 75. f7 Rh1 $11 {[%emt 0:01:09] Ke4+} 1/2-1/2

[Event "Lviv Tradition May 2018"]
[Site "Lviv"]
[Date "2018.05.17"]
[Round "2"]
[White "Badelka, Olga"]
[Black "Bogdanov, Egor"]
[Result "1/2-1/2"]
[ECO "E70"]
[WhiteElo "2397"]
[BlackElo "2335"]
[Annotator "ChessBase"]
[PlyCount "94"]
[EventDate "2018.??.??"]
[EventType "tourn"]
[EventCountry "UKR"]
[SourceTitle "playchess.com"]
[Source "ChessBase"]
[SourceQuality "1"]
[TimeControl "5400+30"]

1. d4 Nf6 2. c4 g6 3. Nc3 Bg7 4. e4 O-O 5. Nge2 d6 6. Ng3 c5 7. d5 e6 8. Be2 exd5 9. cxd5 h5 10. Bg5 Qb6 11. O-O Nh7 12. Bd2 Nd7 13. h3 h4 14. Nh1 Re8 15. Qc2 Bd4 16. Nb5 Be5 17. a4 a6 18. a5 Qd8 19. f4 axb5 20. fxe5 Nxe5 21. Bxb5 Bd7 22. Bxd7 Qxd7 23. Rf4 Qb5 24. Nf2 g5 25. Rf5 f6 26. Bc3 Rf8 27. Rf1 Rxa5 28. Bxa5 Qxa5 29. Nd3 Nd7 30. Qd1 c4 31. Nf2 Qc5 32. Kh1 Ne5 33. Ng4 Nxg4 34. Qxg4 b5 35. R5f3 Kg7 36. Ra3 Rf7 37. Ra8 Nf8 38. Rfa1 Qd4 39. Qe2 Ng6 40. Re8 Nf4 41. Qg4 Qxb2 42. Raa8 Qc1+ 43. Kh2 Ng6 44. Qh5 Qf4+ 45. Kh1 Qf1+ 46. Kh2 Qf4+ 47. Kh1 Qf1+ 1/2-1/2

[Event "Lviv Tradition May 2018"]
[Site "Lviv"]
[Date "2018.05.17"]
[Round "2"]
[White "Goluch, Piotr"]
[Black "Peng, Li Min"]
[Result "1/2-1/2"]
[ECO "D76"]
[WhiteElo "2351"]
[BlackElo "2320"]
[Annotator "NA"]
[PlyCount "159"]
[EventDate "2018.??.??"]
[EventType "tourn"]
[EventCountry "UKR"]
[SourceTitle "playchess.com"]
[Source "ChessBase"]
[SourceQuality "1"]
[TimeControl "5400+30"]

1. d4 Nf6 2. Nf3 g6 3. c4 Bg7 4. g3 O-O 5. Bg2 d5 6. cxd5 Nxd5 7. O-O Nb6 8. Nc3 Nc6 9. e3 Re8 10. Re1 a5 {[%emt 0:00:06] D76: Fianchetto Grünfeld: Main Line with 7...Nb6} 11. Qe2 e5 12. Nxe5 Nxe5 13. dxe5 Bxe5 14. e4 Be6 15. f4 {[%emt 0:00:40] LiveBook: 39 Games} Bd4+ 16. Be3 {[%emt 0:02:31] [#]} Bxe3+ $146 ({Predecessor:} 16... Nc4 17. Bf2 c6 18. Rad1 Bxf2+ 19. Qxf2 {1-0 (42) Laznicka,V (2636)-Navara,D (2718) Hustopece 2010}) 17. Qxe3 Qe7 18. e5 Nc4 (18... Red8 $14) 19. Qf2 Red8 20. Ne4 ({Of course not} 20. Bxb7 Rab8 $11) 20... Qb4 21. g4 Qb6 22. b3 Qxf2+ 23. Kxf2 Nb2 24. Kg3 Kg7 {[%emt 0:02:46] [#]} 25. Re2 $1 Nd3 $1 26. Ng5 c6 27. Rf1 (27. Rd2 $16 Nb4 28. Rad1 (28. Nxe6+ fxe6 29. Rad1 Rxd2 $14 30. Rxd2 Nd5 $14) 28... Rxd2 29. Rxd2) 27... h6 28. Nxe6+ fxe6 29. f5 gxf5 30. gxf5 exf5 31. Rxf5 Rf8 32. Be4 Nc5 33. Kf4 Rxf5+ 34. Bxf5 Rf8 35. Rg2+ Kh8 36. e6 Nxe6+ 37. Ke5 Nd4 38. Bd7 Nb5 39. a4 Nc3 40. Rg6 Rf1 41. Bf5 Re1+ 42. Kf6 Ne4+ 43. Ke7 Ng5+ (43... Ng3+ $5 44. Be6 Ne4 $11) 44. Kd8 Nf7+ (44... Nf3 $1 $14) 45. Kc7 Re5 46. Be6 Ng5 47. Bd7 ({Better is} 47. Bc4 $16) 47... Kh7 48. Rf6 Ne4 (48... Re7 $14) 49. Rf5 Re7 50. Kd8 Rg7 51. Rf8 Rg1 52. Rf5 Nd2 $11 53. Be6 Re1 54. Kd7 Re3 55. Rxa5 Nxb3 56. Bf5+ Kg7 57. Ra7 Kf6 58. Bc2 Nd4 59. Bb1 b5 60. Kd6 Re6+ 61. Kc5 Nb3+ 62. Kb6 bxa4 63. Rxa4 Nd2 64. Ba2 Re2 65. Kxc6 Rxh2 66. Bd5 Rf2 67. Kd6 Nf1 68. Ra8 Kg5 69. Rg8+ Kh4 70. Ke5 Ng3 71. Be6 Re2+ 72. Kd5 Rd2+ 73. Ke5 Re2+ 74. Kd5 h5 75. Bf7 Kh3 76. Rh8 Kg4 77. Be6+ Kf3 78. Bf7 Rh2 79. Ke5 h4 80. Bd5+ {[%emt 0:00:04] Ke4+} 1/2-1/2

[Event "Lviv Tradition May 2018"]
[Site "Lviv"]
[Date "2018.05.17"]
[Round "2"]
[White "Terletsky, Oleg"]
[Black "Galperin, Platon"]
[Result "0-1"]
[ECO "C09"]
[WhiteElo "2288"]
[BlackElo "2332"]
[Annotator "ChessBase"]
[PlyCount "102"]
[EventDate "2018.??.??"]
[EventType "tourn"]
[EventCountry "UKR"]
[SourceTitle "playchess.com"]
[Source "ChessBase"]
[SourceQuality "1"]
[TimeControl "5400+30"]

1. e4 e6 2. d4 d5 3. Nd2 c5 4. Ngf3 Nc6 5. exd5 exd5 6. Bb5 Qe7+ 7. Qe2 Qxe2+ 8. Kxe2 a6 9. Bxc6+ bxc6 10. dxc5 Bxc5 11. Nb3 Bd6 12. Be3 Nf6 13. Bc5 Bc7 14. Nfd4 Bd7 15. f3 O-O-O 16. Kf2 a5 17. a4 h5 18. Nc1 h4 19. Nd3 Rde8 20. b4 g5 21. b5 g4 22. bxc6 Be6 23. Rab1 h3 24. Rb7 hxg2 25. Rhb1 g1=Q+ 26. Kxg1 Bxh2+ 27. Kf1 gxf3 28. Nf2 Ne4 29. Nxe4 dxe4 30. Ra7 Bb8 31. Rxb8+ Kxb8 32. Rb7+ Ka8 33. Ra7+ Kb8 34. Rb7+ Ka8 35. Kf2 e3+ 36. Kxe3 Bc8+ 37. Kxf3 Bxb7 38. cxb7+ Kxb7 39. Nb3 Rh3+ 40. Kf4 Rc3 41. Bd4 Rxc2 42. Nxa5+ Kc7 43. Kf5 Ra8 44. Be5+ Kd7 45. Nb3 Rxa4 46. Nd4 Rf2+ 47. Ke4 f5+ 48. Ke3 Rf1 49. Ke2 Rh1 50. Kf3 Rh3+ 51. Kf2 Ra2+ 0-1

[Event "Lviv Tradition May 2018"]
[Site "Lviv"]
[Date "2018.05.17"]
[Round "2"]
[White "Oglaza, Oskar"]
[Black "Fiedorek, Michal"]
[Result "1/2-1/2"]
[ECO "B67"]
[WhiteElo "2279"]
[BlackElo "2081"]
[Annotator "NA"]
[PlyCount "105"]
[EventDate "2018.??.??"]
[EventType "tourn"]
[EventCountry "UKR"]
[SourceTitle "playchess.com"]
[Source "ChessBase"]
[SourceQuality "1"]
[TimeControl "5400+30"]

1. e4 c5 2. Nf3 d6 3. d4 cxd4 4. Nxd4 Nf6 5. Nc3 Nc6 6. Bg5 e6 7. Qd2 a6 8. O-O-O Bd7 9. f3 Be7 10. h4 h6 {[%emt 0:00:54] B67: Sicilian: Richter-Rauzer: 7...a6 8 0-0-0 Bd7, lines without 9 f4 Be7} 11. Be3 h5 12. Bg5 {[%emt 0:00:30] LiveBook: 105 Games} (12. Kb1 Qc7 13. Bg5 Ne5 14. Bd3 b5 15. Rhe1 b4 16. Nce2 a5 17. f4 Neg4 18. Ng1 {½-½ (91) Short,N (2678)-Li,C (2732) Riadh 2017}) 12... Nxd4 13. Qxd4 Qc7 {[%emt 0:01:13] [#]} 14. Bd3 $146 ({Predecessor:} 14. Kb1 b5 15. Qd2 b4 16. Ne2 a5 17. Nd4 Rb8 18. g3 {0-1 (33) Kriebel,T (2515)-Czarnota,P (2556) Legnica 2017}) 14... b5 15. a3 Bc6 16. Rde1 Qa7 17. Qxa7 Rxa7 18. Ne2 Rc7 19. Nd4 Bb7 20. Kd2 Nd7 21. Bxe7 Kxe7 22. Ra1 Nb6 23. b3 g6 24. Rae1 Rd8 25. Rhf1 e5 26. Ne2 d5 27. Nc3 dxe4 28. Nxe4 f5 29. Nc3 Kf6 30. g4 $11 Re7 31. Kc1 Rc7 ({Reject} 31... hxg4 $6 32. fxg4 f4 33. h5 $11) (31... Nd7 $17 32. gxh5 gxh5) 32. Kb2 Rdc8 33. Ne2 hxg4 34. fxg4 e4 35. Nd4 exd3 36. Re6+ Kf7 37. Rxb6 $2 (37. cxd3 Rd8 38. Rxb6 Rxd4 39. gxf5) 37... dxc2 $2 ({Black should try} 37... Rxc2+ $1 $19 38. Nxc2 Rxc2+ 39. Ka1 Bg2) 38. gxf5 c1=Q+ 39. Rxc1 Rxc1 40. fxg6+ Ke8 41. Rxb7 Rg1 42. a4 $1 Rg2+ 43. Ka3 Rxg6 44. axb5 axb5 45. Nxb5 Ra8+ 46. Kb4 Rg4+ 47. Kc5 Rc8+ 48. Kb6 $11 Rg6+ 49. Ka7 Rcc6 50. h5 Rh6 51. b4 Rxh5 52. Rb8+ Kd7 53. Rb7+ 1/2-1/2

[Event "Lviv Tradition May 2018"]
[Site "Lviv"]
[Date "2018.05.17"]
[Round "3"]
[White "Bogdanov, Egor"]
[Black "Shkuran, Danylo"]
[Result "1/2-1/2"]
[ECO "B13"]
[WhiteElo "2335"]
[BlackElo "2395"]
[Annotator "NA"]
[PlyCount "61"]
[EventDate "2018.??.??"]
[EventType "tourn"]
[EventCountry "UKR"]
[SourceTitle "playchess.com"]
[Source "ChessBase"]
[SourceQuality "1"]
[TimeControl "5400+30"]

1. e4 c6 2. d4 d5 3. exd5 cxd5 4. c4 Nf6 5. Nc3 Nc6 6. Nf3 Bg4 7. cxd5 Nxd5 8. Qb3 Bxf3 9. gxf3 e6 10. Qxb7 Nxd4 11. Bb5+ Nxb5 12. Qc6+ Ke7 13. Qxb5 Qd7 14. Nxd5+ Qxd5 15. Qxd5 exd5 16. Be3 Ke6 17. O-O-O Bb4 {[%emt 0:06:35] LiveBook: 59 Games} 18. a3 Rhc8+ {[%emt 0:05:06] B13: Caro-Kann: Exchange Variation and Panov-Botvinnik Attack} 19. Kb1 Bc5 20. Rhe1 Bxe3 21. fxe3 (21. Rxe3+ Kd6 22. b3 Re8 23. Kc2 Re6 24. Rd4 Rg6 25. Red3 Rg2 26. Rxd5+ {½-½ (57) Sanikidze,T (2559)-Guidarelli,L (2446) Cappelle-la-Grande 2011}) 21... Rc4 22. Rd2 Rb8 23. Ka2 $146 ({Predecessor:} 23. Rc1 Rb3 {½-½ (23) Sieiro Gonzalez,L (2390)-Hernandez,G (2335) Havana 1998}) 23... a5 24. Rg1 g6 25. Rg4 $15 Rbc8 26. Rxc4 Rxc4 27. b3 Rc3 28. Re2 Rc1 29. b4 axb4 30. axb4 Kd6 31. Kb3 1/2-1/2

[Event "Lviv Tradition May 2018"]
[Site "Lviv"]
[Date "2018.05.17"]
[Round "3"]
[White "Galperin, Platon"]
[Black "Goluch, Piotr"]
[Result "0-1"]
[ECO "A05"]
[WhiteElo "2332"]
[BlackElo "2351"]
[Annotator "NA"]
[PlyCount "122"]
[EventDate "2018.??.??"]
[EventType "tourn"]
[EventCountry "UKR"]
[SourceTitle "playchess.com"]
[Source "ChessBase"]
[SourceQuality "1"]
[TimeControl "5400+30"]

1. Nf3 Nf6 2. g3 g6 3. Bg2 Bg7 4. d4 O-O 5. O-O d6 6. b3 Nbd7 7. Bb2 c6 8. c4 Rb8 {[%emt 0:01:49] E60: King's Indian: Unusual lines and Fianchetto Variation without Nc3} (8... Re8 9. Nc3 e5 10. e4 exd4 11. Nxd4 Nc5 12. Re1 Ng4 13. b4 Qb6 14. a3 a5 15. Na2 axb4 16. axb4 Na4 {0-1 (16) Vachier Lagrave,M (2795)-Grischuk,A (2750) chess.com INT 2017}) 9. Qc2 b5 10. Nfd2 $146 ({Predecessor:} 10. Nbd2 Bb7 11. Rfd1 d5 12. c5 a5 13. a3 Ne8 14. e4 Nc7 15. e5 f5 16. Bc3 {½-½ (28) Lida Garcia,F (2140)-Bosco,R (2186) Buenos Aires 2001}) 10... Qb6 11. Nc3 a5 12. cxb5 cxb5 13. a4 b4 14. Nc4 Qd8 15. Nb5 $1 Bb7 16. Rac1 Bxg2 17. Kxg2 d5 18. Ne5 Nxe5 19. dxe5 Ng4 20. Na7 Qd7 (20... Nxe5 $16 21. Bxe5 Bxe5) 21. Qc7 (21. Nc6 $18 {ist der präzise Gewinnweg.}) 21... Qe6 $2 (21... Qxc7 $16 22. Rxc7 Nxe5) 22. Nc6 Rbe8 23. h3 ({Weaker is} 23. Qxa5 Nxe5 24. Nd4 (24. Nxb4 Rb8 $16) 24... Qd7 $16) 23... Nh6 24. Qxa5 f6 25. Nxb4 $18 d4 26. Qd5 Qxd5+ 27. Nxd5 fxe5 28. b4 Nf5 29. Rc6 Rd8 30. Nb6 d3 31. exd3 Rxd3 32. Rc3 Rd2 33. Nc4 Re2 34. Rcc1 Bh6 35. Rc3 Rc8 36. Nxe5 Rxc3 37. Bxc3 Rc2 38. Be1 Ne3+ 39. Kg1 Nxf1 40. Kxf1 Bg7 41. Nd3 Bd4 42. a5 e5 43. f3 Kf7 44. b5 Ke6 45. b6 Kd7 46. b7 Kc7 47. a6 Kb8 48. Nb4 Rc1 49. Ke2 Rxe1+ 50. Kxe1 Bc3+ 51. Ke2 Bxb4 52. Kd3 Ka7 53. Kc4 Bd6 54. Kd5 Bb8 55. Ke4 Kxa6 56. f4 Kxb7 57. fxe5 Kc6 58. h4 Kd7 59. g4 Ke6 60. Kf4 Bxe5+ 61. Kg5 Bf6+ 0-1

[Event "Lviv Tradition May 2018"]
[Site "Lviv"]
[Date "2018.05.17"]
[Round "3"]
[White "Peng, Li Min"]
[Black "Oglaza, Oskar"]
[Result "1-0"]
[ECO "E70"]
[WhiteElo "2320"]
[BlackElo "2279"]
[Annotator "NA"]
[PlyCount "83"]
[EventDate "2018.??.??"]
[EventType "tourn"]
[EventCountry "UKR"]
[SourceTitle "playchess.com"]
[Source "ChessBase"]
[SourceQuality "1"]
[TimeControl "5400+30"]

1. d4 Nf6 2. c4 g6 3. Nc3 Bg7 4. e4 O-O 5. Bd3 d6 6. Nge2 Nbd7 7. O-O e5 8. d5 Nh5 9. Be3 {[%emt 0:11:28] E70: King's Indian: Miscellaneous lines with 4 e4, including 5 Nge2 and 5 Bd3 0-0 6 Nge2} (9. Bc2 f5 10. exf5 gxf5 11. Ng3 Nxg3 12. fxg3 e4 13. g4 Ne5 14. gxf5 Bxf5 15. Qe2 Qh4 16. Bf4 Nf3+ 17. gxf3 exf3 18. Rxf3 Bxc2 {½-½ (29) Romanov,E (2638)-Smirin,I (2644) Stockholm 2015}) 9... f5 {[%emt 0:05:01] LiveBook: 9 Games} 10. f3 f4 11. Bf2 g5 12. Nc1 $146 ({Predecessor:} 12. Rc1 Rf6 13. b4 Rh6 14. c5 dxc5 15. bxc5 Nhf6 16. c6 Nf8 17. cxb7 Bxb7 {1-0 (32) Klekowski,M (2096)-Szydlowska,M (2041) Rewal 2006}) 12... Rf7 13. Be2 Nhf6 14. Nd3 Nf8 15. c5 Ng6 16. cxd6 cxd6 17. a4 h5 18. Nb5 g4 19. Qb3 ({But not} 19. Nxa7 g3 $15) 19... Ne8 (19... g3 $15 20. hxg3 fxg3) 20. Rfc1 ({Viel schwächer wäre} 20. Nxa7 g3 $17) 20... Bd7 $11 21. Kh1 Qg5 22. Nxa7 g3 23. Qxb7 gxf2 24. Qxa8 Nh4 25. Rg1 fxg1=Q+ 26. Rxg1 Bf8 27. Nc6 Rg7 28. a5 Nf6 29. Qd8 Bh3 30. Ne1 Bd7 31. Qb6 Kh8 32. a6 Nxd5 33. exd5 Nf5 34. Bd3 e4 35. fxe4 Ng3+ 36. hxg3 Bxc6 37. Qxc6 Qxg3 38. Qc8 Rg4 39. Qxf8+ Kh7 40. e5+ Qxd3 41. Qe7+ Rg7 42. Qxg7+ 1-0

[Event "Lviv Tradition May 2018"]
[Site "Lviv"]
[Date "2018.05.17"]
[Round "3"]
[White "Fiedorek, Michal"]
[Black "Badelka, Olga"]
[Result "0-1"]
[ECO "B32"]
[WhiteElo "2081"]
[BlackElo "2397"]
[Annotator "NA"]
[PlyCount "98"]
[EventDate "2018.??.??"]
[EventType "tourn"]
[EventCountry "UKR"]
[SourceTitle "playchess.com"]
[Source "ChessBase"]
[SourceQuality "1"]
[TimeControl "5400+30"]

1. e4 c5 2. Nf3 Nc6 3. d4 cxd4 4. Nxd4 Qb6 5. Nb3 Nf6 6. Nc3 e6 7. Bd3 a6 8. Be3 Qc7 9. f4 d6 10. Qf3 b5 {[%emt 0:00:05] B33: Sicilian: Pelikan and Sveshnikov Variations} (10... Be7 11. g4 b6 12. O-O-O Nd7 13. Kb1 Nc5 14. g5 Bd7 15. Qf2 Nb4 16. Bd4 Rg8 17. Rhe1 Nbxd3 18. cxd3 O-O-O 19. Rc1 {½-½ (41) Ragger,M (2656)-Movsesian,S (2677) Linares 2017}) 11. g4 Bb7 12. g5 Nd7 13. O-O-O g6 14. h4 Bg7 15. Ne2 Nb4 $146 ({Predecessor:} 15... Nb6 16. Kb1 Nc4 17. Bc1 {½-½ (45) Revo,T (2044)-Badelka,O (2048) Minsk 2015}) 16. Kb1 Nc5 17. Nxc5 dxc5 18. a3 Nxd3 19. cxd3 c4 20. Rc1 Qd7 21. d4 a5 22. Ka2 {[%emt 0:07:50] [#]} Qc6 ({Better is} 22... b4 $1 $19 23. Rxc4 Ba6) 23. Ng3 b4 24. Rhe1 bxa3 25. bxa3 c3 26. Bf2 Qc4+ 27. Ka1 Rc8 28. Qe2 Qa4 29. Qc2 $19 Qxa3+ 30. Qa2 Qxa2+ 31. Kxa2 Rc4 32. Kb3 Rb4+ 33. Kxc3 Kd7 34. Rb1 Rc8+ 35. Kd2 Bf8 36. Rec1 Rxb1 37. Rxb1 Bb4+ 38. Ke2 Ba6+ 39. Kf3 Rc3+ 40. Kg2 Bd3 41. Rd1 Bc2 42. Ra1 Rc4 43. Kf3 a4 44. Ne2 a3 45. Be3 Bb3 46. Nc1 Bd1+ 47. Kf2 Rc2+ 48. Kf1 Bf3 49. Ra2 Rb2 0-1

[Event "Lviv Tradition May 2018"]
[Site "Lviv"]
[Date "2018.05.18"]
[Round "4"]
[White "Badelka, Olga"]
[Black "Peng, Li Min"]
[Result "1-0"]
[ECO "D80"]
[WhiteElo "2397"]
[BlackElo "2320"]
[Annotator "ChessBase"]
[PlyCount "135"]
[EventDate "2018.??.??"]
[EventType "tourn"]
[EventCountry "UKR"]
[SourceTitle "playchess.com"]
[Source "ChessBase"]
[SourceQuality "1"]
[TimeControl "5400+30"]

1. d4 Nf6 2. c4 g6 3. Nc3 d5 4. Bg5 Ne4 5. Bf4 Nxc3 6. bxc3 dxc4 7. e4 Bg7 8. Bxc4 O-O 9. Nf3 c5 10. O-O Nc6 11. d5 Na5 12. Be2 Bg4 13. Qd3 e5 14. Nxe5 Bxe2 15. Qxe2 Re8 16. Nc4 Nxc4 17. Qxc4 b5 18. Qxc5 Rxe4 19. Bg3 Qd7 20. Rab1 a6 21. d6 Rc4 22. Qd5 Rac8 23. Rbe1 Bf6 24. Be5 R4c5 25. Qd4 Bxe5 26. Rxe5 R5c6 27. Rd1 Rd8 28. Rd5 Rdc8 29. h3 Re8 30. f4 Rc4 31. Qd2 f6 32. Kh2 Kf7 33. f5 Kg7 34. Rf1 Ree4 35. Qf2 Rc6 36. fxg6 Rxd6 37. Qxf6+ Rxf6 38. Rxd7+ Kxg6 39. Rxf6+ Kxf6 40. Rd6+ Ke5 41. Rxa6 Kd5 42. Rh6 Re7 43. Rh5+ Kc4 44. g4 Rb7 45. Rh6 Ra7 46. Rc6+ Kd5 47. Rc8 Rxa2+ 48. Kg3 Rc2 49. h4 Ke6 50. Rc5 Kd6 51. Rxb5 Rxc3+ 52. Kf4 Ke6 53. Kg5 Rc4 54. Rb7 h6+ 55. Kh5 Kf6 56. Rb6+ Kg7 57. Rg6+ Kh7 58. Rxh6+ Kg7 59. Ra6 Rc5+ 60. g5 Rb5 61. Ra7+ Kg8 62. Kh6 Rb6+ 63. g6 Rb8 64. h5 Rc8 65. Ra5 Rb8 66. Kg5 Rc8 67. h6 Kh8 68. h7 1-0

[Event "Lviv Tradition May 2018"]
[Site "Lviv"]
[Date "2018.05.18"]
[Round "4"]
[White "Oglaza, Oskar"]
[Black "Galperin, Platon"]
[Result "1-0"]
[ECO "A21"]
[WhiteElo "2279"]
[BlackElo "2332"]
[Annotator "ChessBase"]
[PlyCount "106"]
[EventDate "2018.??.??"]
[EventType "tourn"]
[EventCountry "UKR"]
[SourceTitle "playchess.com"]
[Source "ChessBase"]
[SourceQuality "1"]
[TimeControl "5400+30"]

1. c4 e5 2. Nc3 Bb4 3. Nd5 Bc5 4. e3 Nc6 5. Ne2 a6 6. d4 Ba7 7. b3 Nf6 8. Bb2 d6 9. dxe5 Nxe5 10. Nec3 O-O 11. Be2 Nxd5 12. Nxd5 c6 13. Nf4 b5 14. Nd3 Qg5 15. Nxe5 dxe5 16. Bf3 Rd8 17. Qc1 Bf5 18. Bxe5 Bd3 19. Bf4 Qf6 20. Be2 Qg6 21. Bxd3 Qxd3 22. f3 Re8 23. Kf2 Qf5 24. c5 Rad8 25. b4 g5 26. Bg3 Rd3 27. Re1 Qd5 28. Rd1 f5 29. Rxd3 Qxd3 30. Qd1 Qxe3+ 31. Kf1 a5 32. Bf2 Qe6 33. Qd4 Bb8 34. Re1 Be5 35. Qd2 h6 36. bxa5 Re7 37. a6 Kf7 38. Qa5 Qc4+ 39. Kg1 Bb8 40. Rxe7+ Kxe7 41. g3 g4 42. fxg4 Qc1+ 43. Kg2 Qc4 44. gxf5 Qe4+ 45. Kg1 Qxf5 46. a7 Qb1+ 47. Be1 Be5 48. Qd2 Bd4+ 49. Qxd4 Qxe1+ 50. Kg2 Qe2+ 51. Kh3 Qe6+ 52. Qg4 Qxa2 53. Qg7+ Ke8 1-0